 Dungeon Crawl Stone Soup version 0.14-a0-3345-g9255d23 (webtiles) character file.

121 Kae the Firebug (level 4, -2/24 HPs)
             Began as a Tengu Fire Elementalist on Mar 17, 2014.
             Slain by a goblin
             ... wielding a +0,+0 dagger
              (3 damage)
             ... on Level 2 of the Dungeon.
             The game lasted 00:03:40 (1938 turns).

Kae the Firebug (Tengu Fire Elementalist)           Turns: 1938, Time: 00:03:40

HP  -2/24        AC  5     Str  9      XL: 4   Next:  4%
MP   3/9         EV 12     Int 16      God:
Gold 61          SH  0     Dex 14      Spells:  1 memorised,  6 levels left

rFire  . . .     SeeInvis .     (no weapon)
rCold  . . .     Clarity  .     a - +0 robe
rNeg   . . .     Conserve .     (no shield)
rPois  .         rCorr    .     (helmet restricted)
rElec  .         rRot     .     (no cloak)
SustAb . .       Spirit   .     h - +2 pair of gloves
rMut   .         Warding  .     (boots unavailable)
Saprov . . .     Stasis   .     (no amulet)
MR     .....                    (no ring)
                                (no ring)

@: lethally poisoned, not resistant to hostile enchantments, fairly stealthy
A: beak, talons 3
a: no special abilities


You were on level 2 of the Dungeon.
You were not hungry.

You visited 1 branch of the dungeon, and saw 2 of its levels.

You collected 61 gold pieces.

Inventory:

Armour
 a - a +0 robe (worn)
 h - a +2 pair of gloves (worn)
Comestibles
 c - a bread ration
 d - a choko
 k - an apple
 q - a meat ration
Scrolls
 e - a scroll of blinking {unknown}
 i - a scroll of random uselessness {unknown}
 j - a scroll of remove curse {unknown}
 l - 4 scrolls of identify {unknown}
 o - a scroll of noise {unknown}
Jewellery
 m - an uncursed ring of invisibility {unknown}
 n - an uncursed ring of see invisible {unknown}
 p - an uncursed amulet of warding {unknown}
Potions
 f - a potion of brilliance {unknown}
 g - 3 potions of curing {unknown}
 r - 2 potions of haste {unknown}
Books
 b - a book of Flames

   Spells                             Type                      Level
   *Flame Tongue                      Conjuration/Fire             1
   Throw Flame                        Conjuration/Fire             2
   Conjure Flame                      Conjuration/Fire             3
   Inner Flame                        Hexes/Fire                   3
   Sticky Flame                       Conjuration/Fire             4
   Fireball                           Conjuration/Fire             5


   Skills:
 - Level 2.1 Dodging
 - Level 2.0 Stealth
 + Level 2.3 Spellcasting
 * Level 3.5 Conjurations
 * Level 4.1 Fire Magic


You had 6 spell levels left.
You knew the following spells:

 Your Spells              Type           Power        Failure   Level  Hunger
a - Flame Tongue          Conj/Fire      ##...        6%          1    #......


Dungeon Overview and Level Annotations

Branches:
Dungeon (2/15)

Altars:


Innate Abilities, Weirdness & Mutations

You have a beak for a mouth.
You have claws for feet.


Message History

The giant mite is almost dead.
The giant mite bites you.
* * * LOW HITPOINT WARNING * * *
You are lethally poisoned!
The giant mite poisons you!
The goblin hits you with an uncursed dagger.
* * * LOW HITPOINT WARNING * * *
Casting: Flame Tongue
Confirm with . or Enter, or press ? or * to list all spells.
Aiming: Flame Tongue
Press: ? - help, Shift-Dir - straight line, f/p - giant mite
Aim: a giant mite (almost dead)
The flame hits the giant mite.
You kill the giant mite!
You have reached level 4!
You feel stronger.
* * * LOW HITPOINT WARNING * * *
You feel sick.
The goblin hits you with an uncursed dagger.
You die...

......###..........#.#
..........<.##.###.#.#
.....................#
#..?.........##.###.#.#
..####....[.##.# #.#..
#. #....%.##.# #.# .
#..####......##.# #.# .
#.....(?(....##.# #.#
#....%@%......... ...
#..?.g.####...... .....
#......# #...... ....
#....... ....... ...
#......# #..... ...
#......# #.. ## ......#
### ###### ... ###


You could see a goblin.

Vanquished Creatures
  2 adders (D:2)
  A giant mite (D:2)
  A giant gecko (D:2)
  5 bats
  4 goblins
  5 hobgoblins
  2 kobolds
  2 ball pythons (D:2)
  5 giant cockroaches
  3 giant newts (D:2)
  2 rats
32 creatures vanquished.

Notes
Turn   | Place    | Note
--------------------------------------------------------------
     0 | D:1      | Kae, the Tengu Fire Elementalist, began the quest for the Orb.
     0 | D:1      | Reached XP level 1. HP: 10/10 MP: 3/3
   574 | D:1      | Reached XP level 2. HP: 13/15 MP: 3/5
  1309 | D:2      | Reached XP level 3. HP: 16/19 MP: 2/7
  1551 | D:2      | Reached skill level 4 in Fire Magic
  1938 | D:2      | Reached XP level 4. HP: 2/24 MP: 3/9
  1938 | D:2      | HP: 1/24 [poisoned by a giant mite]
  1938 | D:2      | Slain by a goblin

Action                   |  1- 3 |  4- 6 || total
-------------------------+-------+-------++-------
Melee: Unarmed           |    60 |       ||    60
 Cast: Flame Tongue      |    37 |     1 ||    38
 Stab: Sleeping          |     1 |       ||     1
